 Dungeon Crawl Stone Soup version 0.28.0 (webtiles) character file.

Game seed: 11999525503588946891

617 ragingrage the Skirmisher (level 7, 0/66 HPs)
             Began as a Minotaur Berserker on Feb 4, 2022.
             Was a Follower of Trog.
             Slain by Grinder (2 damage)
             ... while paralysed by Grinder
             ... on level 5 of the Dungeon.
             The game lasted 00:03:35 (4545 turns).

ragingrage the Skirmisher (Minotaur Berserker)      Turns: 4545, Time: 00:03:36

Health: 0/66       AC:  5    Str: 23    XL:     7   Next: 21%
Magic:  6/6        EV:  2    Int:  4    God:    Trog [*.....]
Gold:   28         SH:  0    Dex: 10    Spells: 6/6 levels left

rFire   . . .      SeeInvis .   b - +0 war axe
rCold   . . .      Faith    .   (no shield)
rNeg    . . .      Spirit   .   m - +0 ring mail
rPois   .          Reflect  .   (helmet restricted)
rElec   .          Harm     .   (no cloak)
rCorr   .          Rampage  .   (no gloves)
Will    .....                   (no boots)
Stlth   ..........              (no amulet)
HPRegen 0.21/turn               e - +4 ring of evasion
MPRegen 0.10/turn               (no ring)

@: paralysed, on berserk cooldown, slowed
A: horns 2, retaliatory headbutt
a: Renounce Religion, Berserk


You were on level 5 of the Dungeon.
You worshipped Trog.
Trog was aware of your devotion.
You visited 1 branch of the dungeon, and saw 5 of its levels.

You collected 148 gold pieces.
You spent 120 gold pieces at shops.

Inventory:

Hand Weapons
 b - a +0 war axe (weapon)
Missiles
 h - a throwing net (quivered)
Armour
 m - a +0 ring mail (worn)
Jewellery
 e - a +4 ring of evasion (left hand)
Wands
 k - a wand of iceblast (16)
 p - a wand of flame (21)
Scrolls
 a - a scroll of silence {unknown}
 c - a scroll of fear {unknown}
 d - a scroll of holy word {unknown}
 f - a scroll of amnesia {unknown}
 j - 2 scrolls of teleportation {unknown}
 l - a scroll of identify {unknown}
 n - a scroll of vulnerability {unknown}
Potions
 g - 3 potions of haste {unknown}
 i - a potion of curing {unknown}
 o - a potion of might {unknown}
 q - a potion of flight {unknown}


   Skills:
 + Level 7.6 Fighting
 + Level 7.5 Axes
 - Level 2.4 Armour
 - Level 2.1 Dodging


You had 6 spell levels left.
You didn't know any spells.
Your spell library was empty.

Dungeon Overview and Level Annotations

Branches:
Dungeon (5/15)             Temple (0/1) D:5

Altars:

Shops:
D:4 *   D:5 ?

Annotations:
D:5 Grinder


Innate Abilities, Weirdness & Mutations

You have a pair of horns on your head.
You reflexively headbutt those who attack you in melee.


Message History

Unknown command.
You completely miss Grinder.
Grinder is lightly wounded.
You are no longer corroded.
Grinder hits you!
You writhe in agony.
Grinder completely misses you. You furiously retaliate!
You headbutt Grinder. You barely miss Grinder.
Grinder is moderately wounded.
Grinder hits you.
You writhe in agony.
Okay, then.
You barely miss Grinder. Your headbutt misses Grinder.
Grinder is moderately wounded.
Grinder gestures at you. Pain shoots through your body!
Grinder barely misses you.
You hit Grinder. You headbutt Grinder!
Grinder is severely wounded.
Grinder says, "What is the universe for?"
Grinder barely misses you. You furiously retaliate!
You headbutt Grinder, but do no damage. Grinder hits you.
You writhe in agony.
You hit Grinder.
Grinder is severely wounded.
Grinder gestures at you. You resist with significant effort.
You closely miss Grinder.
Grinder is severely wounded.
Grinder gestures at you.
You suddenly lose the ability to move!
Grinder hits you.
* * * LOW HITPOINT WARNING * * *
You writhe in agony.
* * * LOW HITPOINT WARNING * * *
Grinder hits you.
* * * LOW HITPOINT WARNING * * *
You writhe in agony.
* * * LOW HITPOINT WARNING * * *
Grinder hits you.
* * * LOW HITPOINT WARNING * * *
Grinder gestures at you.
You struggle to resist.
Grinder hits you.
You die...

.#.######.# .#.###
#.# ......##.# #
#........#
#.#..#####.####
#.#..# #....# ##
#....# #....# # #.
##...# #.#######.#.
#..@#####.......#.#.
#.#5..$...#####.#.#.
#.#....#### #.....
........# ##.....
........... ......#.
####.....###
####.... #....##
#..## #.#.## #..
#.#.# #..


You could see Grinder.

Vanquished Creatures
  Edmund (D:4)
  An ice beast (D:5)
  An ogre (D:5)
  A water moccasin zombie (D:5)
  A jelly (D:5)
  A centaur skeleton (D:4)
  2 orc wizards (D:3)
  A howler monkey zombie (D:5)
  4 gnolls (D:2)
  3 adders
  An ufetubus (D:5)
  4 dart slugs
  2 orcs
  8 bats
  8 endoplasms
  2 giant cockroaches
  6 goblins
  7 hobgoblins
  3 jackals (D:2)
  A quokka (D:2)
  6 ball pythons
  4 frilled lizards
  5 kobolds
  7 rats
80 creatures vanquished.

Notes
Turn   | Place    | Note
-------+----------+-------------------------------------------
     0 | D:1      | ragingrage the Minotaur Berserker began the quest for the
                  | Orb.
     0 | D:1      | Reached XP level 1. HP: 19/19 MP: 0/0
    81 | D:1      | Reached XP level 2. HP: 27/27 MP: 1/1
   466 | D:1      | Found a faded altar of an unknown god.
   816 | D:2      | Reached XP level 3. HP: 34/34 MP: 2/2
   918 | D:2      | Reached skill level 5 in Fighting
   918 | D:2      | Reached skill level 5 in Axes
   918 | D:2      | Reached XP level 4. HP: 14/42 MP: 3/3
  1395 | D:2      | Reached ** piety under Trog
  1814 | D:2      | Found the ring of the Mage {Wiz Archmagi}
  2494 | D:3      | Reached XP level 5. HP: 13/48 MP: 4/4
  3680 | D:4      | Found Kamileca's Mayhem Merchandise.
  3690 | D:4      | Bought a +0 hand axe for 30 gold pieces
  3693 | D:4      | Bought a wand of iceblast (5) for 90 gold pieces
  3930 | D:4      | Noticed Edmund
  3937 | D:4      | Killed Edmund
  3938 | D:4      | Reached XP level 6. HP: 58/58 MP: 5/5
  4078 | D:5      | Entered Level 5 of the Dungeon
  4091 | D:5      | Found a staircase to the Ecumenical Temple.
  4396 | D:5      | Found Roimnumi's Magic Scroll Boutique.
  4428 | D:5      | Noticed an ice beast
  4431 | D:5      | Killed an ice beast
  4432 | D:5      | Reached XP level 7. HP: 66/66 MP: 6/6
  4518 | D:5      | Noticed Grinder
  4524 | D:5      | Paralysed by Grinder for 2 turns
  4541 | D:5      | Paralysed by Grinder for 5 turns
  4543 | D:5      | HP: 2/66 [Grinder (5)]
  4545 | D:5      | Slain by Grinder

Illustrated notes

Levels and vault maps discovered:
D:1:      tarquinn_simple_flora_water_a, layout_rooms,
          hellmonk_ecumenical_altar_leap_of_faith,
          hangedman_decor_clover_reticule, st_stairs_4
D:2:      layout_basic, chequers_mini_garden
D:3:      layout_rooms
D:4:      layout_basic, minmay_shop_mayhem, uniq_edmund
D:5:      layout_loops_ring, minmay_temple_entry_arrows, serial_shops, shop,
          uniq_grinder, uniq_menkaure

Skill      XL: |  1  2  3  4  5  6 |
---------------+-------------------+-----
Fighting       | 4 5 6 7 |  7.6
Axes           | 4 5 6 7 |  7.5
Armour         | |  2.4
Dodging        | |  2.1

Action                   |  1- 3 |  4- 6 |  7- 9 || total
-------------------------+-------+-------+-------++-------
Melee: Hand axe          |    53 |    52 |       ||   105
       Headbutt          |     9 |    15 |     3 ||    27
       Punch             |     1 |       |     1 ||     2
       War axe           |       |    48 |    14 ||    62
Invok: Berserk           |     5 |     9 |     1 ||    15
       Trog's Hand       |       |     1 |       ||     1
Armor: Animal skin       |    16 |     9 |       ||    25
       Ring mail         |       |    10 |     1 ||    11
Dodge: Dodged            |    42 |    61 |     9 ||   112
